 Dungeon Crawl Stone Soup version 0.17-a0-1485-g22cb0ee (webtiles) character file.

3213 Fluffy the Reanimator (level 9, -9/72 HPs)
             Began as a Mummy Necromancer on July 5, 2015.
             Was a Priest of Makhleb.
             Mangled by Erolcha
             ... wielding a +6 giant spiked club
              (33 damage)
             ... on level 8 of the Dungeon.
             The game lasted 00:34:09 (9534 turns).

Fluffy the Reanimator (Mummy Necromancer)           Turns: 9534, Time: 00:34:10

Health: -9/72      AC:  4    Str: 17    XL:     9   Next: 65%
Magic:  14/14      EV: 15    Int: 17    God:    Makhleb [***...]
Gold:   309        SH:  0    Dex: 13    Spells: 3 memorised, 8 levels left

rFire  + . .     SeeInvis .     l - +5 falchion of the Jester {freeze, Str+6}
rCold  + + .     Clarity  .     o - +2 robe {rF+}
rNeg   + + +     SustAt   .     (no shield)
rPois  ∞         Gourm    .     (no helmet)
rElec  .         Spirit   .     (no cloak)
rCorr  .         Warding  .     (no gloves)
rMut   .         Stasis   .     (no boots)
MR     +....                    (no amulet)
Stlth  ++........               p - ring of protection from fire
                                j - ring of protection from cold

@: somewhat resistant to hostile enchantments, unstealthy
A: no food or potions, fire vulnerability, cold resistance 1, negative energy
resistance 3, torment resistance, unbreathing
a: Minor Destruction, Lesser Servant of Makhleb, Renounce Religion


You were on level 8 of the Dungeon.
You worshipped Makhleb.
Makhleb was most pleased with you.
You were not hungry.

You visited 1 branch of the dungeon, and saw 8 of its levels.
You also visited: Ossuary.

You collected 309 gold pieces.

Inventory:

Hand weapons
 l - the +5 falchion of the Jester (weapon) {freeze, Str+6}
   (You found it on level 7 of the Dungeon)

   It has been specially enchanted to freeze those struck by it, causing extra
   injury to most foes and up to half again as much damage against particularly
   susceptible opponents.
   It can also slow down cold-blooded creatures.
   It affects your strength (+6).
Armour
 o - a +2 robe of fire resistance (worn)
Jewellery
 j - a ring of protection from cold (left hand)
 m - an uncursed ring of sustain attributes
 p - a ring of protection from fire (right hand)
Magical devices
 n - a wand of confusion (16)
Scrolls
 c - 3 scrolls of identify
 d - 3 scrolls of blinking
 e - 4 scrolls of remove curse
 f - a scroll of teleportation
 g - a scroll of fear
 h - a scroll of amnesia
 i - 2 scrolls of enchant weapon
 k - a scroll of enchant armour
 q - a scroll of magic mapping
Books
 a - a book of Annihilations

   Spells                             Type                      Level
   a - Poison Arrow                   Conjuration/Poison           6
   b - Chain Lightning                Conjuration/Air              8
   c - Lehudib's Crystal Spear        Conjuration/Earth            8
   d - Glaciate                       Conjuration/Ice              9
   e - Fire Storm                     Conjuration/Fire             9
 b - a book of Necromancy

   Spells                             Type                      Level
   a - Pain                           Necromancy                   1
   b - Animate Skeleton               Necromancy                   1
   c - Vampiric Draining              Necromancy                   3
   d - Regeneration                   Charms/Necromancy            3
   e - Animate Dead                   Necromancy                   4
   f - Control Undead                 Necromancy                   4


   Skills:
 + Level 7.3 Fighting
 + Level 6.1 Dodging
 - Level 1.5 Stealth
 + Level 3.4 Spellcasting
 + Level 8.3 Necromancy
 + Level 3.8 Invocations


You had 8 spell levels left.
You knew the following spells:

 Your Spells              Type           Power        Failure   Level  Hunger
a - Pain                  Necr           ####         1%          1    N/A
b - Animate Skeleton      Necr           N/A          1%          1    N/A
c - Animate Dead          Necr           N/A          8%          4    N/A

Dungeon Overview and Level Annotations

Branches:
Dungeon (8/15)             Temple (0/1) D:7
   Lair: D:8-11

Altars:
Ashenzari
Elyvilon
Makhleb
Qazlal
Ru
Xom

Shops:
D:8 ?

Annotations:
D:8 Erolcha


Innate Abilities, Weirdness & Mutations

You do not eat or drink.
Your flesh is vulnerable to fire.
You are immune to poison.
Your flesh is cold resistant.
You are immune to negative energy.
You are immune to unholy pain and torment.
You can survive without breathing.


Message History

Erolcha hits you with an enchanted giant spiked club!!
Erolcha closely misses you.
You hit Erolcha. You freeze Erolcha.
Erolcha is moderately wounded.
Erolcha gestures at you while chanting.
You easily resist.
A kobold comes into view.
Erolcha hits you with an enchanted giant spiked club!
Erolcha screams, "Erolcha happy to kill you!"
Erolcha barely misses you. Erolcha barely misses you.
The kobold throws a stone.
The stone misses you.
The kobold throws a stone.
The stone closely misses you. Erolcha gestures at you while chanting.
The bolt of lightning misses you.
The kobold throws a stone.
The stone misses you.
You see here a stone.
The kobold throws a stone.
The stone hits you but does no damage.
Erolcha hits you with an enchanted giant spiked club!!
You die...

###....## #..###......# #
###..# ..##.......## ###..#
###.........#.#
##....######............#
##.............#..K##....##
....#........###...###....###
####....#...## ##...##......#
# #...##...####.....#.....##
##..###....##.@O........##
###.[.# ##...#..###(......#
##....####.....## ###.....##
.......##.....## ##...#.#
..........###.## ##.....##
.........## #..## ##.#####.#
..........####..####.## ###
...........####..##..##
......###....##.......#


You could see Erolcha and a kobold.

Vanquished Creatures
  A hill giant (D:8)
  Grinder (D:3)
  Sigmund (D:4)
  The ghost of Duffy the Sneak, an average VSBe of Trog (D:3)
  4 ogres
  A sky beast (D:5)
  2 crocodiles (D:8)
  A big kobold (D:7)
  3 giant frogs
  5 scorpions
  A water moccasin skeleton (D:7)
  An electric eel (D:6)
  2 centaur zombies (Ossuary)
  2 crimson imps
  A jelly (D:8)
  3 human zombies (Ossuary)
  A centaur skeleton (D:4)
  3 orc wizards
  2 orc priests
  4 hounds
  3 giant frog skeletons
  2 iguanas
  Terence (D:2)
  6 worker ants
  A killer bee zombie (D:8)
  A hound zombie (D:7)
  3 mummies (Ossuary)
  5 adders
  2 gnolls (D:4)
  2 oozes
  A worm (D:4)
  3 giant geckos
  12 orcs
  3 ball pythons
  6 bats
  2 bat skeletons
  4 giant cockroaches
  A gnoll zombie (Ossuary)
  19 hobgoblins
  25 kobolds
  A quokka (D:3)
  6 giant newts
  22 goblins
  3 goblin zombies
  6 jackals
  A jackal skeleton (D:4)
  A kobold zombie (D:6)
  14 rats
196 creatures vanquished.

Vanquished Creatures (collateral kills)
  A giant frog (D:8)
  A centaur skeleton (D:7)
  A mummy (D:6)
  A gnoll (D:4)
  2 orcs
  2 kobolds (D:7)
8 creatures vanquished.

Vanquished Creatures (others)
  A bat (D:6)
1 creature vanquished.

Grand Total: 205 creatures vanquished

Notes
Turn   | Place    | Note
--------------------------------------------------------------
     0 | D:1      | Fluffy the Mummy Necromancer began the quest for the Orb.
     0 | D:1      | Reached XP level 1. HP: 13/13 MP: 3/3
   103 | D:1      | Reached XP level 2. HP: 17/20 MP: 1/5
   157 | D:1      | Reached skill level 1 in Fighting
   369 | D:1      | Learned a level 1 spell: Animate Skeleton
   881 | D:2      | Reached XP level 3. HP: 26/26 MP: 3/6
  1627 | D:3      | Noticed Terence
  1886 | D:2      | Killed Terence
  1886 | D:2      | Reached XP level 4. HP: 17/33 MP: 1/7
  2099 | D:3      | Noticed Duffy's ghost (average VSBe)
  2111 | D:3      | Killed Duffy's ghost
  2111 | D:3      | Reached skill level 5 in Necromancy
  2111 | D:3      | Reached XP level 5. HP: 9/40 MP: 3/8
  2435 | D:3      | Found a white marble altar of Elyvilon.
  2465 | D:3      | Found a shimmering altar of Xom.
  2733 | D:3      | Noticed Grinder
  2749 | D:3      | Killed Grinder
  2749 | D:3      | Reached XP level 6. HP: 16/48 MP: 9/9
  3617 | D:4      | Reached XP level 7. HP: 54/54 MP: 6/10
  3643 | D:4      | Noticed Sigmund
  3771 | D:4      | Killed Sigmund
  3771 | D:4      | Reached skill level 6 in Necromancy
  4209 | D:4      | Reached skill level 5 in Fighting
  4606 | D:4      | Reached XP level 8. HP: 59/62 MP: 7/11
  4915 | D:5      | Entered Level 5 of the Dungeon
  5082 | D:5      | Found a burning altar of Makhleb.
  5090 | D:5      | Became a worshipper of Makhleb the Destroyer
  5542 | D:6      | Reached skill level 5 in Dodging
  5542 | D:6      | Reached skill level 7 in Necromancy
  5542 | D:6      | Reached skill level 1 in Invocations
  5576 | D:6      | Acquired Makhleb's first power
  5645 | D:6      | Found a sand-covered staircase.
  5657 | Ossuary  | Entered an ossuary
  6814 | D:6      | Acquired Makhleb's second power
  7474 | D:7      | Learned a level 4 spell: Animate Dead
  7500 | D:7      | Reached XP level 9. HP: 71/71 MP: 6/12
  7696 | D:7      | Got a scorched falchion
  7697 | D:7      | Identified the +5 falchion of the Jester {freeze, Str+6} (You found it on level 7 of the Dungeon)
  7753 | D:7      | Found a staircase to the Ecumenical Temple.
  7792 | D:7      | Found a sacrificial altar of Ru.
  7854 | D:7      | Acquired Makhleb's third power
  8331 | D:8      | Found Woenwearph's Magic Scroll Shop.
  8508 | D:8      | Reached skill level 8 in Necromancy
  8604 | D:8      | Noticed a hill giant
  8645 | D:8      | Killed a hill giant
  8842 | D:8      | Found a shattered altar of Ashenzari.
  8868 | D:8      | Found a stormy altar of Qazlal.
  9053 | D:8      | Acquired Makhleb's fourth power
  9150 | D:8      | Noticed Erolcha
  9518 | D:8      | Paralysed by Erolcha for 5 turns
  9534 | D:8      | Mangled by Erolcha

Vault maps used:
D:1:      shiori_shiawase, wad_floor_pattern_2, minmay_misc_feat_plants,
          hex_large, minmay_misc_feat_tower, hangedman_decor_points
D:3:      overflow_temple_1_default, nicolae_overflow_crystal_walls,
          nrook_uturn, uniq_terence, uniq_grinder
D:4:      first_bread, uniq_sigmund
D:5:      lemuel_crystal_altar
D:6:      corexii_shack_village, nicolae_ossuary_entry_giza,
          kennysheep_generic_room_16
D:7:      kennysheep_mini, minmay_temple_entry_statues
D:8:      lemuel_round_altar, minitemple, serial_shops, shop_statue,
          uniq_erolcha
Ossuary:  ossuary_crypta

Action                   |  1- 3 |  4- 6 |  7- 9 || total
-------------------------+-------+-------+-------++-------
Melee: Club              |    14 |       |       ||    14
       Dagger            |    12 |       |       ||    12
       Short sword       |     1 |    54 |   207 ||   262
       Falchion          |       |       |    91 ||    91
 Cast: Pain              |    61 |    31 |   195 ||   287
       Animate Skeleton  |    12 |    10 |    19 ||    41
       Animate Dead      |       |       |    12 ||    12
Invok: Minor Destruction |       |       |     3 ||     3
  Use: Scroll            |       |       |    12 ||    12
 Stab: Sleeping          |     1 |       |     4 ||     5
